Map: Ephemeron LE

Players

Santos

  • Race: Zerg Zerg
  • League: Platinum
  • Spawn Location: 5:00

Tran (MeomaikA) - Winner!

  • Race: Zerg Zerg
  • Spawn Location: 11:00

Event: SEA Games 2019

VOD

https://youtu.be/Q36OWKs9YuM

Description

Time

  • Played on: Dec. 5, 2019, 4:58 a.m.
  • Length: 7:27

All games in this series

Show
View Real Time Build Order
Export as new Build Order

Santos Zerg 

Build Orders: Hatch First 

Get SALT Encoding   

  12  0:00  Drone  
  13  0:13  Overlord  
  13  0:17  Drone  
  14  0:32  Drone x2  
  16  0:49  Hatchery  
  15  0:53  Drone  
  15  0:56  Drone  
  17  0:59  Drone  
  18  1:11  Extractor  
  17  1:15  Spawning Pool  
  17  1:18  Drone  
  17  1:22  Drone  
  18  1:30  Drone  
  19  1:40  Drone  
  20  1:51  Drone  
  21  2:02  Queen x2, Zergling x4  
  27  2:11  Overlord  
  27  2:13  Metabolic Boost  
  27  2:19  Drone  
  28  2:31  Drone  
  28  2:32  Drone  
  29  2:37  Baneling Nest, Drone x2  
  30  2:44  Drone  
  30  2:46  Overlord  
  31  2:54  Zergling x2  
  31  2:55  Zergling x2  
  33  3:06  Zergling x4  
  33  3:10  Spine Crawler  
  34  3:13  Drone x2, Overlord  
  36  3:21  Baneling x2  
  36  3:32  Drone x6  
  41  3:42  Zergling x4  
  41  3:44  Overlord x2  
  43  3:52  Hatchery  
  42  3:59  Roach Warren  
  41  4:05  Drone x3  
  41  4:08  Overlord  
  44  4:13  Overlord  
  44  4:16  Zergling x2  
  46  4:17  Spine Crawler  
  46  4:18  Zergling x2  
  46  4:20  Overlord  
  46  4:31  Overlord  
  46  4:38  Overlord  
  46  4:40  Roach  
  46  4:41  Roach x4  
  46  4:44  Roach x2  
  61  4:52  Roach  
  61  4:57  Roach  
  61  5:04  Roach x3  
  64  5:08  Extractor, Zergling x2  
  64  5:09  Zergling x6  
  65  5:17  Queen x2  
  69  5:23  Ravager  
  69  5:27  Extractor, Zergling x4  
  66  5:39  Roach x2  
  66  5:40  Zergling x4  
  68  5:44  Zergling x2  
  68  5:47  Drone x3  
  66  5:57  Drone  
  66  5:58  Drone  
  66  6:01  Overlord x2  
  66  6:06  Hatchery  
  54  6:11  Roach  
  54  6:12  Roach x2  
  54  6:16  Roach  
  56  6:23  Roach x2  
  58  6:29  Queen  
  57  6:34  Roach x5  
  65  6:47  Drone x4  
  65  6:52  Roach  
  71  7:01  Drone x5  
  76  7:07  Roach  
Show
View Real Time Build Order
Export as new Build Order

Tran Zerg - Winner!

Build Orders: Pool First 

Get SALT Encoding   

  12  0:00  Drone  
  13  0:08  Drone  
  14  0:16  Overlord  
  14  0:23  Extractor, Drone  
  15  0:34  Drone x2  
  17  0:44  Spawning Pool  
  17  0:48  Drone  
  17  1:07  Hatchery  
  17  1:11  Drone  
  17  1:12  Extractor  
  17  1:15  Drone  
  17  1:31  Queen, Zergling x2  
  17  1:32  Zergling x2  
  21  1:39  Drone  
  22  1:47  Overlord  
  22  2:06  Queen, Drone  
  25  2:10  Drone  
  25  2:12  Metabolic Boost  
  26  2:19  Drone  
  26  2:22  Queen  
  28  2:31  Drone  
  28  2:32  Drone  
  28  2:35  Drone  
  31  2:38  Drone x2  
  31  2:41  Drone  
  34  2:46  Overlord  
  34  2:50  Drone  
  35  3:00  Lair  
  35  3:06  Queen  
  35  3:07  Zergling x2  
  35  3:08  Zergling x2  
  35  3:10  Zergling x2  
  40  3:14  Overlord  
  40  3:17  Drone  
  41  3:21  Drone x2  
  43  3:31  Roach Warren, Drone  
  43  3:37  Drone x3  
  43  3:38  Drone  
  43  3:41  Drone x2  
  49  3:46  Overlord  
  49  3:48  Extractor  
  49  3:52  Queen  
  49  3:54  Zergling x2  
  51  3:58  Zergling x2  
  51  4:00  Overlord  
  52  4:06  Queen  
  54  4:11  Roach  
  54  4:12  Roach, Glial Reconstitution  
  54  4:16  Roach  
  60  4:20  Roach x2  
  60  4:23  Roach  
  66  4:26  Roach  
  66  4:29  Overlord  
  68  4:44  Overlord x2  
  68  4:45  Roach  
  68  4:50  Roach  
  68  4:51  Roach  
  71  4:53  Roach  
  71  4:56  Roach  
  74  5:01  Roach  
  75  5:11  Drone  
  75  5:12  Roach x2  
  80  5:18  Roach x3  
  80  5:21  Hatchery  
  85  5:29  Roach x2  
  82  5:36  Roach x2  
  82  5:38  Roach  
  82  5:41  Queen  
  82  5:44  Roach  
  82  5:47  Roach  
  80  5:52  Drone x2  
  80  5:54  Extractor x2  
  80  5:59  Roach  
  80  6:03  Drone  
  83  6:05  Drone  
  83  6:06  Drone x2  
  83  6:10  Drone  
  83  6:14  Roach  
  81  6:22  Drone  
  81  6:24  Ravager  
  81  6:25  Drone x3  
  84  6:26  Drone  
  82  6:34  Drone  
  82  6:35  Drone, Overlord  
  82  6:38  Drone x3  
  87  6:43  Queen x2  
  87  6:46  Nydus Network  
  87  6:47  Drone x2  
  90  6:48  Drone  
  91  6:55  Zergling x8  
  91  6:59  Roach  
  97  7:02  Roach x2  
  97  7:04  Roach  
  97  7:05  Roach  
  97  7:07  Roach  
  97  7:16  Extractor  
  97  7:17  Extractor  
Tags
 
Add a new tag
Caveats
  • Supply blocks, unpowered buildings, or Contaminate may cause inaccurate times.
  • Supply counts are checked every 10 seconds.